 Dungeon Crawl Stone Soup version 0.25-a0-458-g6fc7858b95 (webtiles) character file.

Game seed: 508952101202134039, levelgen mode: deterministic

989 ChaosChampion the Sneak (level 8, 0/52 HPs)
             Began as an Octopode Transmuter on Feb 2, 2020.
             Was a Priest of Cheibriados.
             Shot with an arrow by a centaur (3 damage)
             ... on level 5 of the Dungeon.
             The game lasted 00:09:43 (4090 turns).

ChaosChampion the Sneak (Octopode Transmuter)       Turns: 4090, Time: 00:09:45

Health: 0/52       AC:  2    Str: 16    XL:     8   Next: 18%
Magic:  13/14      EV: 22    Int: 25    God:    Cheibriados [***...]
Gold:   158        SH:  0    Dex: 24    Spells: 9/15 levels left

rFire    . . .     SeeInvis .     - Unarmed
rCold    . . .     Gourm    .   (shield currently unavailable)
rNeg     . . .     Faith    .   (helmet currently unavailable)
rPois    x         Spirit   .   (no amulet)
rElec    .         Reflect  .   (no ring)
rCorr    .         Harm     .   (no ring)
MR       .....                  (no ring)
Stlth    ++++......             (no ring)
HPRegen  0.17/turn              (no ring)
MPRegen  0.14/turn              (no ring)
                                (no ring)
                                (no ring)

@: spider-form, very slow
A: tiny, almost no armour, stealthy swim, (amphibious), 8 rings, (constrict 8)
a: End Transformation, Bend Time, Temporal Distortion, Renounce Religion


You were on level 5 of the Dungeon.
You worshipped Cheibriados.
Cheibriados was most pleased with you.
You were very hungry.
You were a venomous arachnid creature.
You visited 2 branches of the dungeon, and saw 6 of its levels.

You collected 158 gold pieces.

Inventory:

Hand Weapons
 v - a cursed -3 short sword
Missiles
 a - 32 arrows
 d - 15 poisoned darts (quivered)
 h - 8 boomerangs
Armour
 k - a +1 scale mail of poison resistance
Wands
 m - a wand of polymorph (6)
Scrolls
 b - 4 scrolls of remove curse {unknown}
 f - a scroll of blinking {unknown}
 g - 4 scrolls of identify {unknown}
 j - 3 scrolls of magic mapping {unknown}
 l - 3 scrolls of amnesia {unknown}
 q - 4 scrolls of teleportation {unknown}
 t - a scroll of enchant armour {unknown}
 w - a scroll of fear {unknown}
Potions
 e - a potion of cancellation {unknown}
 i - 3 potions of curing {unknown}
 n - a potion of brilliance {unknown}
 o - 3 potions of haste {unknown}
 p - a potion of might {unknown}
 r - a potion of degeneration {unknown}
 s - 3 potions of ambrosia {unknown}
 u - a potion of heal wounds
Comestibles
 c - 12 rations


   Skills:
 + Level 3.0 Fighting
 + Level 3.4 Dodging
 * Level 5.7 Stealth
 + Level 4.2 Unarmed Combat
 + Level 4.1 Spellcasting
 + Level 5.1 Transmutations


You had 9 spell levels left.
You knew the following spells:

 Your Spells              Type           Power        Failure   Level  Hunger
a - Beastly Appendage     Tmut           ####..       5%          1    None
b - Sticks to Snakes      Tmut           ####....     7%          2    None
c - Spider Form           Tmut/Pois      ###.......   24%         3    ##.....

Your spell library contained the following spells:

 Spells                   Type           Power        Failure   Level  Hunger
 Ice Form                 Ice/Tmut       ###.....     52%         4    ####...
 Blade Hands              Tmut           ####......   52%         5    #####..


Dungeon Overview and Level Annotations

Branches:
Dungeon (5/15)             Temple (1/1) D:4

Altars:
Ashenzari
Cheibriados
Dithmenos
Elyvilon
Gozag
Hepliaklqana
Kikubaaqudgha
Makhleb
Nemelex Xobeh
Okawaru
Ru
Sif Muna
Trog
Vehumet
Wu Jian
Xom
Yredelemnul
The Shining One


Innate Abilities, Weirdness & Mutations

You cannot wear most types of armour.
You are very stealthy in the water. (Stealth+)
((You are amphibious.))
You can wear up to eight rings at the same time.
((You can use your tentacles to constrict eight enemies at once.))
((Your skin changes colour to match your surroundings (Stealth+).))
((Your rubbery body absorbs attacks. (AC +1, EV +1)))


Message History

You hit the jackal but do no damage.
The jackal is poisoned.
A centaur comes into view.
The centaur shoots an arrow.
The arrow barely misses you. The jackal bites you.
You hit the jackal.
The jackal is severely wounded.
You kill the jackal!
Cheibriados appreciates the change of pace.
An orc comes into view.
A quokka zombie comes into view.
The centaur shoots an arrow.
The arrow hits you!
The centaur shoots an arrow.
The arrow hits you.
You see here 2 arrows.
The centaur shoots an arrow.
The arrow barely misses you.
You see here an arrow.
The centaur wields a +0 vorpal shortbow.
The centaur shoots an arrow.
The arrow misses you.
The centaur shoots an arrow.
The arrow hits you!
The centaur shoots an arrow.
The arrow hits you.
* * * LOW HITPOINT WARNING * * *
The centaur shoots an arrow.
The arrow hits you!
* * * LOW HITPOINT WARNING * * *
You die...

(# #.....# .# ##.....##
.## #.......## ..###
##........## ....##
##......>...# ##...##
##...........##
##...####.............####
##..........(...>........
##.......####s.(...Z....
##.....## ##((.†.c...#
##...## ##<†$c...##
##...## ##......#
##.<...## ##?.#o..o #
##.......# #..#.#.
####...###..## ### #
.##...## ##..## .....##
##..##


You could see 2 centaurs, an orc and a quokka zombie.

Vanquished Creatures
  An orc warrior (D:3)
  2 ogres (D:4)
  A scorpion (D:4)
  2 crimson imps (D:5)
  2 orc wizards
  5 hounds
  2 orc priests
  A bullfrog skeleton (D:5)
  Jessica (D:2)
  3 worker ants
  A gnoll (D:1)
  10 adders
  An ooze (D:4)
  A worm (D:4)
  A dart slug (D:3)
  3 leopard geckos
  19 orcs
  A ball python (D:4)
  4 bats
  4 giant cockroaches
  7 goblins
  6 hobgoblins
  11 jackals
  8 kobolds
  3 quokkas
  A frilled lizard (D:3)
  2 leopard gecko skeletons
  7 rats
110 creatures vanquished.

Vanquished Creatures (collateral kills)
  A water moccasin skeleton (D:5)
  A worm (D:5)
  A jackal (D:2)
3 creatures vanquished.

Grand Total: 113 creatures vanquished

Notes
Turn   | Place    | Note
-------+----------+-------------------------------------------
     0 | D:1      | ChaosChampion the Octopode Transmuter began the quest for
                  | the Orb.
     0 | D:1      | Reached XP level 1. HP: 13/13 MP: 3/3
   123 | D:1      | Reached XP level 2. HP: 2/18 MP: 5/5
   712 | D:1      | Learned a level 2 spell: Sticks to Snakes
   773 | D:1      | Reached XP level 3. HP: 12/23 MP: 0/6
  1095 | D:2      | Reached XP level 4. HP: 16/28 MP: 5/8
  1110 | D:2      | Learned a level 3 spell: Spider Form
  1127 | D:2      | Found a snail-covered altar of Cheibriados.
  1148 | D:2      | Became a worshipper of Cheibriados the Contemplative
  1302 | D:2      | Noticed Jessica
  1307 | D:2      | Killed Jessica
  1373 | D:2      | Reached XP level 5. HP: 7/33 MP: 3/9
  1382 | D:2      | HP: 1/33 [poisoned by an adder]
  1396 | D:2      | Found a shattered altar of Ashenzari.
  1758 | D:3      | Reached skill level 1 in Stealth
  1767 | D:3      | Reached * piety under Cheibriados
  1944 | D:3      | Found a sparkling altar of Nemelex Xobeh.
  2008 | D:3      | Noticed an orc warrior
  2028 | D:3      | Killed an orc warrior
  2028 | D:3      | Reached XP level 6. HP: 32/39 MP: 4/11
  2531 | D:4      | Reached ** piety under Cheibriados
  2647 | D:4      | Reached XP level 7. HP: 18/45 MP: 10/12
  3124 | D:4      | Found a staircase to the Ecumenical Temple.
  3397 | Temple   | Entered the Ecumenical Temple
  3623 | D:5      | Entered Level 5 of the Dungeon
  3672 | D:5      | Reached *** piety under Cheibriados
  3672 | D:5      | Reached skill level 5 in Stealth
  3672 | D:5      | Reached skill level 5 in Transmutations
  3747 | D:5      | Reached XP level 8. HP: 26/51 MP: 2/14
  4090 | D:5      | Shot with an arrow by a centaur

Levels and vault maps discovered:
D:1:      dpeg_arrival_windows_large_door, layout_basic, minmay_statues_item
D:2:      layout_rooms, ashenzari_altar_1, cheibriados_altar_1, uniq_jessica
D:3:      layout_basic, nemelex_diamond_rough_becter
D:4:      layout_cave_pools, minmay_temple_entry_statues_fountains, first_ration
D:5:      layout_layer_cave, minmay_liquid_box, minmay_manual_mares
Temple:   eino_temple_scatter_basement

Skill      XL: |  1  2  3  4  5  6  7  8 |
---------------+-------------------------+-----
Transmutations | 3 4 5 |  5.1
Spellcasting   | 3 4 |  4.1
Stealth        | 2 3 5 |  5.7
Fighting       | 2 3 |  3.0
Dodging        | 3 |  3.4
Unarmed Combat | 4 |  4.2

Action                   |  1- 3 |  4- 6 |  7- 9 || total
-------------------------+-------+-------+-------++-------
Melee: Unarmed           |    54 |   136 |   126 ||   316
       Constrict         |    16 |     5 |     1 ||    22
       Tentacles         |    11 |     5 |     1 ||    17
       Kick              |     3 |     2 |       ||     5
 Cast: Beastly Appendage |     7 |     2 |       ||     9
       Sticks to Snakes  |     2 |     4 |     4 ||    10
       Spider Form       |       |    22 |    20 ||    42
  Use: Potion            |       |     2 |       ||     2
 Stab: Sleeping          |     2 |     4 |     5 ||    11
  Eat: Chunk             |       |     7 |     3 ||    10
Armor: Skin              |     3 |    12 |     6 ||    21
Dodge: Dodged            |    35 |   150 |   128 ||   313

Table legend:
 A = Non-vault XP
 B = Vault XP
 C = Vault XP percentage of total XP
 D = Non-vault monster count
 E = Vault monster count
 F = Vault count percentage of total count
                 A         B        C        D         E       F
            +---------+---------+-------+---------+---------+-------
      Total |    1376 |      37 |   2.6 |     112 |       1 |   0.9
            +---------+---------+-------+---------+---------+-------
        D:1 |      41 |       0 |   0.0 |      18 |       0 |   0.0
        D:2 |      91 |      37 |  28.9 |      16 |       1 |   5.9
        D:3 |     284 |       0 |   0.0 |      36 |       0 |   0.0
        D:4 |     566 |       0 |   0.0 |      23 |       0 |   0.0
        D:5 |     394 |       0 |   0.0 |      19 |       0 |   0.0
            +---------+---------+-------+---------+---------+-------
